 Dungeon Crawl Stone Soup version 0.30-a0-422-g946f4849ff (webtiles) character file.

Game seed: 6028921552173620021

234 pokeman the Magician (level 5, 0/29 HPs)
             Began as a Deep Elf Hedge Wizard on Dec 8, 2022.
             Succumbed to an adder's poison
             ... on level 3 of the Dungeon.
             The game lasted 00:06:13 (3250 turns).

pokeman the Magician (Deep Elf Hedge Wizard)        Turns: 3250, Time: 00:06:14

Health: 0/29       AC:  5    Str:  7    XL:     5   Next: 75%
Magic:  0/16       EV: 16    Int: 21    God:
Gold:   141        SH:  0    Dex: 14    Spells: 9/17 levels left

rFire   . . .      SeeInvis .    i - +2 dagger (venom)
rCold   . . .      Faith    .    (no shield)
rNeg    . . .      Spirit   .    o - +0 leather armour
rPois   .          Reflect  .    c - +0 hat
rElec   .          Harm     .    f - +0 cloak
rCorr   .          Rampage  .    (no gloves)
Will    .....                    u - +0 pair of boots
Stlth   ++........               (no amulet)
HPRegen 0.24/turn                r - +4 ring of evasion
MPRegen 0.15/turn                (no ring)

@: lethally poisoned (0 -> -5), very slightly contaminated
A: no striking features
a: no special abilities


You were on level 3 of the Dungeon.
You visited 1 branch of the dungeon, and saw 4 of its levels.

You collected 141 gold pieces.

Inventory:

Hand Weapons
 i - a +2 dagger of venom (weapon)
 t - a +3 quarterstaff of chaos
Armour
 c - a +0 hat (worn)
 f - a +0 cloak (worn)
 o - a +0 leather armour (worn)
 u - a +0 pair of boots (worn)
Magical Staves
 m - a staff of poison
Jewellery
 a - an amulet of faith
 r - a +4 ring of evasion (left hand)
Wands
 j - a wand of charming (3)
Scrolls
 b - a scroll of noise {unknown}
 l - a scroll of enchant weapon {unknown}
 p - a scroll of teleportation {unknown}
 q - a scroll of identify {unknown}
Potions
 d - a potion of magic
 e - 2 potions of curing {unknown}
 g - a potion of degeneration {unknown}
 h - a potion of attraction {unknown}
 k - a potion of might {unknown}
 n - a potion of lignification {unknown}
 s - 2 potions of heal wounds {unknown}


   Skills:
 - Level 1.4 Fighting
 - Level 1.0 Armour
 - Level 3.0 Dodging
 - Level 3.0 Stealth
 * Level 6.5 Spellcasting
 + Level 2.9 Conjurations
 - Level 1.1 Summonings
 - Level 1.1 Translocations
 - Level 1.0 Air Magic
 + Level 0.1 Poison Magic
 + Level 0.1 Evocations


You had 9 spell levels left.
You knew the following spells:

 Your Spells              Type           Power      Damage    Failure   Level
a - Magic Dart            Conj           76%        1d6       4%          1
b - Mephitic Cloud        Conj/Pois/Air  12%        N/A       24%         3
c - Call Imp              Summ           11%        N/A       13%         2
d - Blink                 Tloc           22%        N/A       13%         2

Your spell library contained the following spells:

 Spells                   Type           Power      Damage    Failure   Level
 Summon Small Mammal      Summ           44%        N/A       9%          1
 Freeze                   Ice            24%        1d4       14%         1
 Slow                     Hex            24%        N/A       14%         1
 Cigotuvi's Dreadful Rot  Necr/Pois/Air  16%        N/A       17%         2
 Ensorcelled Hibernation  Hex/Ice        12%        N/A       21%         2
 Passwall                 Tmut/Erth      5%         N/A       21%         2
 Hailstorm                Conj/Ice       12%        3d5       22%         3
 Call Canine Familiar     Summ           11%        N/A       26%         3
 Swiftness                Air            11%        N/A       26%         3
 Summon Guardian Golem    Hex/Summ       9%         N/A       32%         3
 Frozen Ramparts          Ice            12%        1d2       38%         3


Dungeon Overview and Level Annotations

Branches:
Dungeon (4/15)
 Temple: D:4-7

Altars:


Message History

You closely miss the adder.
The adder is lightly wounded.
You feel stable enough to blink again. The adder barely misses you.
Casting: Mephitic Cloud (quite dangerous; 24% risk of failure)
Confirm with . or Enter, or press ? or * to list all spells.
You blink.
Unknown command.
Casting: Blink (safe; 13% risk of failure)
Confirm with . or Enter, or press ? or * to list all spells.
Aiming: Magic Dart (safe; 4% risk of failure)
Press: ? - help, Shift-Dir - straight line, f/p - adder
Aim: an adder (lightly wounded, 100% to hit)
The magic dart hits the adder.
The adder is moderately wounded.
Unknown command.
Casting: Magic Dart (safe; 4% risk of failure)
Confirm with . or Enter, or press ? or * to list all spells.
Aiming: Magic Dart (safe; 4% risk of failure)
Press: ? - help, Shift-Dir - straight line, f/p - adder
Aim: an adder (moderately wounded, 100% to hit)
The magic dart hits the adder.
The adder is severely wounded.
Unknown command.
You closely miss the adder.
The adder is severely wounded.
The adder bites you.
* * * LOW HITPOINT WARNING * * *
You are lethally poisoned!
The adder poisons you! The adder bites you but does no damage.
Unknown command.
Casting: Magic Dart (safe; 4% risk of failure)
Confirm with . or Enter, or press ? or * to list all spells.
Aiming: Magic Dart (safe; 4% risk of failure)
Press: ? - help, Shift-Dir - straight line, f/p - adder
Aim: an adder (severely wounded, 100% to hit)
The magic dart hits the adder.
The adder is almost dead.
You feel stable enough to blink again.
You die...

#######
##############.....#
####<....#.....##.....#
###>.....#.+......#.....#
#........S@#......#.....###
#.................'........
#.................#.....###
#.........##.#########.##
#........รท##.# #....#.#
#.........##.# #.##.#.####
#######...##.####.##.#.....
###..#......##.#####.
##........##.# #.


You could see an adder.

Vanquished Creatures
  Crazy Yiuf (D:2)
  Jessica (D:2)
  2 orc wizards (D:3)
  An iguana (D:4)
  5 adders
  A worm (D:2)
  3 orcs (D:3)
  10 ball pythons
  A bat (D:1)
  6 endoplasms
  3 giant cockroaches (D:1)
  5 goblins
  2 hobgoblins
  A quokka (D:1)
  4 frilled lizards
  10 kobolds
  8 rats
64 creatures vanquished.

Vanquished Creatures (others)
  A fungus (D:3)
  3 plants
4 creatures vanquished.

Grand Total: 68 creatures vanquished

Notes
Turn   | Place    | Note
-------+----------+-------------------------------------------
     0 | D:1      | pokeman the Deep Elf Hedge Wizard began the quest for the
                  | Orb.
     0 | D:1      | Reached XP level 1. HP: 10/10 MP: 7/7
   256 | D:1      | Reached XP level 2. HP: 15/15 MP: 6/9
   917 | D:1      | Reached skill level 5 in Spellcasting
  1273 | D:2      | Reached XP level 3. HP: 20/20 MP: 9/11
  1278 | D:2      | Learned a level 3 spell: Mephitic Cloud
  1281 | D:2      | Learned a level 2 spell: Call Imp
  1284 | D:2      | Learned a level 2 spell: Blink
  1591 | D:2      | Reached skill level 1 in Armour
  1604 | D:2      | You fall into a shaft and drop 2 floors!
  1679 | D:3      | Reached skill level 1 in Fighting
  1802 | D:3      | Found a faded altar of an unknown god.
  1887 | D:3      | Reached XP level 4. HP: 25/25 MP: 8/13
  2292 | D:2      | Noticed Jessica
  2298 | D:2      | Killed Jessica
  2299 | D:2      | Reached skill level 6 in Spellcasting
  2299 | D:2      | Reached XP level 5. HP: 29/29 MP: 8/15
  2352 | D:2      | Found a runed translucent door.
  2353 | D:2      | Noticed Crazy Yiuf
  2694 | D:2      | Killed Crazy Yiuf
  3019 | D:4      | Reached skill level 1 in Air Magic
  3211 | D:4      | Noticed an ogre
  3239 | D:3      | HP: 1/29 [poisoned by an adder]
  3250 | D:3      | Succumbed to an adder's poison

Illustrated notes

Levels and vault maps discovered:
D:1:      wander_arrival_lonely_grave, layout_loops_corners
D:2:      layout_basic, serial_bayou_lagoon_b, uniq_crazy_yiuf_cottage,
          uniq_jessica
D:3:      layout_basic, dreamdust_ecumenical_altar_grove
D:4:      layout_loops_ring, minmay_temple_entry_statues_fountains,
          serial_shops, nicolae_shop_trees, chequers_serial_rivers_micro_c

Skill      XL: |  1  2  3  4  5 |
---------------+----------------+-----
Spellcasting   | 5 6 |  6.5
Armour         | 1 |  1.0
Fighting       | 1 |  1.4
Conjurations   | 2 |  2.9
Dodging        | 3 |  3.0
Stealth        | 3 |  3.0
Air Magic      | 1 |  1.0
Summonings     | |  1.1
Translocations | |  1.1
Poison Magic   | |  0.1
Evocations     | |  0.1

Action                   |  1- 3 |  4- 6 || total
-------------------------+-------+-------++-------
Melee: Dagger            |     6 |    16 ||    22
 Cast: Magic Dart        |    88 |    51 ||   139
       Mephitic Cloud    |     1 |     3 ||     4
       Blink             |       |     4 ||     4
       Call Imp          |       |     2 ||     2
 Stab: Confused          |       |     2 ||     2
Armor: Robe              |     2 |       ||     2
       Leather armour    |     2 |     3 ||     5
Dodge: Dodged            |     9 |    20 ||    29

Table legend: (Time is in decaauts)
 A = Elapsed time spent in this place.
 B = Non-inter-level travel time spent in this place.
 C = Inter-level travel time spent in this place.
 D = Time resting spent in this place.
 E = Time spent auto-exploring this place.
 F = Levels seen in this place.
 G = Mean time per level.
                   A        B        C        D        E       F      G
               +--------+--------+--------+--------+--------+-----+--------+
         Total |   3264 |   3150 |    114 |     51 |   2671 |   4 |  816.0 |
       Dungeon |   3264 |   3150 |    114 |     51 |   2671 |   4 |  816.0 |
               +--------+--------+--------+--------+--------+-----+--------+

Top non-repeatable levels by time:
     D:1: 1224 daAuts
     D:2: 1113 daAuts
     D:3: 709 daAuts
     D:4: 217 daAuts
